AoeStats
← ForWorldPeace

Black Forest

508392435Analyzed
3v3 RM · 10d ago on Sep 22, 2026· 48m 33s· 6 players
Game mode
Random Map
Map size
Normal (6 player)
Population
200
Speed
Normal
Resources
Standard
Victory
Conquest
Starting age
Dark Age
Ending age
Imperial Age
RankedLock teamsTeams togetherTeam positionsShared explorationLock speedFull tech treeHidden civsTurbo modeCheats
Victory
Defeat
🇮🇳 Hindustanis · India
957
+12
🇨🇳 Khmer · China
711
+21
🇨🇳 Spanish · China
710
+21
🇨🇳 Bengalis · China
936
-22
🇷🇺 Ethiopians · Russia
821
-17
🇷🇴 Sicilians · Romania
767
-15
CeramicGoose42
15:24 Loom
24:58 Feudal Age
25:41 Double-Bit Axe
34:59 Castle Age
伐木人
0:32 Loom
13:36 Feudal Age
15:20 Wheelbarrow
17:11 Castle Age
15:54 Double-Bit Axe
28:30 Wheelbarrow
28:42 Caravan
30:20 Horse Collar
35:49 Imperial Age
35:15 Stone Mining
35:15 Gold Mining
36:09 Treadmill Crane
37:32 Chemistry
36:56 Fletching
37:07 Padded Archer Armor
37:56 Conscription
37:58 Bodkin Arrow
38:11 Scale Barding Armor
38:51 Leather Archer Armor
38:45 Siege Elephant
40:17 Bracer
40:37 Hand Cart
40:28 Heavy Scorpion
41:29 Fortified Wall
41:08 Pikeman
41:48 Squires
42:32 Forging
42:25 Scale Mail Armor
43:31 Heavy Plow
44:29 Arson
48:57 Masonry
48:37 Guard Tower
48:43 Murder Holes
48:53 Siege Engineers
ForWorldPeace
TheB0ldOne
0:30 Loom
14:52 Feudal Age
15:17 Double-Bit Axe
21:15 Castle Age
23:33 Bow Saw
25:43 Horse Collar
25:55 Gold Mining
25:57 Stone Mining
28:13 Heavy Plow
29:45 Wheelbarrow
28:56 Town Watch
33:18 Hand Cart
33:34 Bloodlines
33:24 Husbandry
32:45 Light Cavalry
33:28 Squires
33:13 Arson
35:09 Gold Shaft Mining
35:10 Stone Shaft Mining
37:10 Imperial Age
34:43 Grand Trunk Road
35:37 Fervor
35:30 Caravan
37:42 Masonry
38:15 Conscription
39:02 Chemistry
38:13 Scale Barding Armor
38:18 Forging
38:13 Padded Archer Armor
38:15 Scale Mail Armor
38:06 Fletching
38:41 Ballistics
38:32 Fortified Wall
38:18 Murder Holes
37:52 Heavy Camel Rider
39:41 Two-Man Saw
41:27 Imperial Camel Rider
43:20 Siege Engineers
45:02 Thumb Ring
45:40 Shatagni
45:56 Spies/Treason
ProfileName
10:54 Feudal Age
11:21 Loom
13:46 Castle Age
12:41 Double-Bit Axe
12:37 Horse Collar
19:09 Bow Saw
19:12 Heavy Plow
21:33 Gold Mining
24:37 Wheelbarrow
23:50 Town Watch
23:50 Loom
24:55 Gold Shaft Mining
25:54 Stone Mining
27:33 Hand Cart
28:04 Stone Shaft Mining
27:35 Caravan
31:16 Imperial Age
31:47 Coinage
31:57 Scale Barding Armor
32:03 Forging
32:30 Crop Rotation
35:12 Banking
35:04 Chain Barding Armor
35:20 Iron Casting
35:08 Ballistics
35:48 Chemistry
34:54 Siege Engineers
36:26 Plate Barding Armor
36:18 Conscription
36:35 Hoardings
37:56 Husbandry
38:08 Bloodlines
38:49 Double Crossbow
38:11 Elite Ballista Elephant
40:28 Blast Furnace
39:47 Elite Ballista Elephant
44:56 Capped Ram
Vacuum
0:34 Loom
17:33 Feudal Age
19:27 Double-Bit Axe
24:51 Castle Age
23:35 Gold Mining
24:14 Horse Collar
26:42 Stone Mining
26:54 Heavy Plow
27:12 Bow Saw
32:10 Padded Archer Armor
36:24 Heavy Plow
37:46 Stone Shaft Mining
44:21 Imperial Age
42:27 Wheelbarrow
42:33 Wheelbarrow
43:34 Leather Archer Armor
43:09 Fletching
47:27 Chemistry
46:47 Ballistics
47:36 Stone Shaft Mining
Connection lost

Rejoining the realm…

Still unreachable

The connection could not be restored.

Session expired

The server has moved on; the page needs a fresh start.